 Dungeon Crawl Stone Soup version 0.17-a0-1510-gb3fb22e (webtiles) character file.

5691 amnekian the Carver (level 11, -4/81 HPs)
             Began as a Human Fighter on July 12, 2015.
             Was a Believer of Okawaru.
             Slain by a vampire (8 damage)
             ... on level 10 of the Dungeon.
             The game lasted 00:37:41 (12606 turns).

amnekian the Carver (Human Fighter)                Turns: 12606, Time: 00:37:41

Health: -4/81      AC: 17    Str: 18      XL:     11   Next: 4%
Magic:  10/11      EV: 12    Int:  8      God:    Okawaru [**....]
Gold:   644        SH: 11    Dex: 14 (15) Spells: 0 memorised, 10 levels left

rFire  . . .     SeeInvis .     a - +2 scimitar
rCold  + . .     Clarity  .     m - +0 chain mail
rNeg   . . .     SustAt   .     c - +0 shield
rPois  .         Gourm    .     (no helmet)
rElec  .         Spirit   .     (no cloak)
rCorr  +         Warding  .     g - +0 pair of gloves
rMut   .         Stasis   .     t - +1 pair of boots
MR     .....                    D - amulet of resist corrosion
Stlth  ..........               (no ring)
                                F - ring of protection from cold

@: heroism, not resistant to hostile enchantments, extremely unstealthy
A: no striking features
a: Heroism, Renounce Religion


You were on level 10 of the Dungeon.
You worshipped Okawaru.
Okawaru was pleased with you.
You were very hungry.

You visited 3 branches of the dungeon, and saw 12 of its levels.

You collected 644 gold pieces.

Inventory:

Hand weapons
 a - a +2 scimitar (weapon)
 b - a +1 short sword of venom
 w - a +0 blowgun
 P - a +2 great sword
 X - a +0 lajatang
Missiles
 i - 325 stones (quivered)
 l - 3 needles of sleeping
 n - 37 poisoned needles
 s - a throwing net
 M - 8 tomahawks
 W - 7 curare-tipped needles
Armour
 c - a +0 shield (worn)
 g - a +0 pair of gloves (worn)
 m - a +0 chain mail (worn)
 t - a +1 pair of boots (worn)
Jewellery
 h - an uncursed amulet of resist mutation
 p - an uncursed ring of stealth {unknown}
 D - an amulet of resist corrosion (around neck)
 F - a ring of protection from cold (left hand)
 K - an uncursed amulet of faith {unknown}
Magical devices
 I - a wand of lightning (7)
 T - a wand of fire (5)
Scrolls
 q - a scroll of teleportation
 y - a scroll of enchant armour
 A - a scroll of brand weapon {unknown}
 B - a scroll of enchant weapon
 G - a scroll of fear
 H - 4 scrolls of identify
 Q - a scroll of remove curse {unknown}
 S - a scroll of noise {unknown}
Potions
 d - a potion of might
 k - 2 potions of mutation {unknown}
 o - 4 potions of cancellation
 r - a potion of curing
 x - 3 potions of magic
 z - a potion of flight
 C - a potion of agility
 E - 2 potions of cure mutation
 J - a potion of poison {unknown}
 N - 4 potions of ambrosia {unknown}
 U - a potion of resistance {unknown}
Books
 j - a book of the Earth

   Spells                             Type                      Level
   a - Leda's Liquefaction            Hexes/Earth                  4
   b - Bolt of Magma                  Conjuration/Fire/Earth       5
   c - Statue Form                    Transmutation/Earth          6
   d - Iron Shot                      Conjuration/Earth            6
   e - Shatter                        Earth                        9
 L - a book of the Warp

   Spells                             Type                      Level
   a - Recall                         Summoning/Translocation      3
   b - Gell's Gravitas                Hexes/Translocation          3
   c - Force Lance                    Conjuration/Translocation    4
   d - Phase Shift                    Translocation                5
   e - Warp Weapon                    Charms/Translocation         5
   f - Summon Forest                  Summoning/Translocation      5
 O - a book of Geomancy

   Spells                             Type                      Level
   a - Sandblast                      Earth                        1
   b - Stoneskin                      Transmutation/Earth          2
   c - Passwall                       Transmutation/Earth          3
   d - Stone Arrow                    Conjuration/Earth            3
   e - Petrify                        Transmutation/Earth          4
   f - Lee's Rapid Deconstruction     Earth                        5
Miscellaneous
 R - a plain deck of war
Comestibles
 e - 5 bread rations
 f - 5 meat rations
 u - a slice of pizza
 v - 2 royal jellies


   Skills:
 - Level 6.1(11.1) Fighting
 - Level 9.6(14.6) Long Blades
 * Level 8.9(13.9) Armour
 - Level 8.0(13.0) Dodging
 - Level 3.0(8.0) Shields


You had 10 spell levels left.
You didn't know any spells.

Dungeon Overview and Level Annotations

Branches:
Dungeon (10/15)            Temple (1/1) D:7            Lair (1/8) D:8
    Orc: D:9-12

Altars:
Gozag
Kikubaaqudgha
Makhleb
Okawaru
Qazlal
Sif Muna
Vehumet
Xom
Yredelemnul
Zin
The Shining One

Shops:
D:5 %

Annotations:
D:7 emiel's ghost, experienced HuBe
Lair:1 emiel's ghost, powerful NaTm


Message History

You hit something. Something hits you. Something bites you.
Something draws strength from your injuries!
You closely miss something.
Unholy energy fills the air.
* * * LOW HITPOINT WARNING * * *
Your shield and chain mail prevent you from hitting something.
You slash something! Something hits you but does no damage.
Something bites you but does no damage.
You hit something but do no damage. Something hits you but does no damage.
Something bites you!
* * * LOW HITPOINT WARNING * * *
Something draws strength from your injuries!
You hit something but do no damage. Something hits you!
* * * LOW HITPOINT WARNING * * *
Something bites you but does no damage.
Your shield and chain mail prevent you from hitting something.
You hit something. Something hits you.
* * * LOW HITPOINT WARNING * * *
You block its attack.
You barely miss something. You block its attack. Something bites you!
You die...

+... #........#
..... ###
#........#####......
#...................
#........#####......
#........# .....
#........# ####
#........#
######.### #@...#
#{#### #..........#
#........<.#
#..........#
+...>..>...#
#..........#
#.....)....+
#.>........#


There were no monsters in sight!

Vanquished Creatures
  The ghost of emiel the Conjurer, an average OgWz (D:5)
  A wyvern (D:9)
  Eustachio (D:5)
  2 hungry ghosts
  9 yaks
  A hippogriff (D:8)
  Edmund (D:5)
  A water moccasin (D:8)
  An orc warrior (D:8)
  A sky beast (D:6)
  3 ice beasts
  2 phantoms (D:6)
  An ogre (D:7)
  An eye of draining (D:9)
  A centaur (D:6)
  A necrophage (D:7)
  3 giant frogs
  2 big kobolds
  2 scorpions
  3 killer bees (D:9)
  4 wights
  2 crimson imps
  A quasit (D:9)
  6 orc priests
  2 giant frog skeletons
  6 hounds
  6 orc wizards
  5 iguanas
  2 killer bee zombies
  14 worker ants
  A sheep (D:8)
  3 hound zombies
  13 adders
  3 oozes
  4 shadow imps
  An adder skeleton (D:9)
  An adder zombie (D:9)
  3 worms
  The ghost of Eleanoora the Caller, a weakling OgSu (D:3)
  4 giant geckos
  21 orcs
  19 bats
  14 goblins
  17 hobgoblins
  2 quokkas
  3 ball pythons
  8 giant cockroaches
  A giant gecko skeleton (D:4)
  6 giant newts
  4 jackals (D:8)
  A jackal skeleton (D:7)
  31 kobolds
  A quokka skeleton (D:4)
  11 rats
259 creatures vanquished.

Vanquished Creatures (others)
  The ghost of amnekian the Blocker, a powerful FoFi of Cheibriados (D:9)
  A wyvern skeleton (D:9)
  An orc (D:8)
3 creatures vanquished.

Grand Total: 262 creatures vanquished

Notes
Turn   | Place    | Note
--------------------------------------------------------------
     0 | D:1      | amnekian the Human Fighter began the quest for the Orb.
     0 | D:1      | Reached XP level 1. HP: 18/18 MP: 1/1
   196 | D:1      | Reached XP level 2. HP: 24/24 MP: 2/2
  1011 | D:2      | Reached XP level 3. HP: 26/29 MP: 3/3
  1678 | D:2      | Reached XP level 4. HP: 28/35 MP: 4/4
  1798 | D:2      | Reached skill level 4 in Long Blades
  2415 | D:3      | Noticed Eleanoora's ghost (weakling OgSu)
  2431 | D:3      | Killed Eleanoora's ghost
  2547 | D:3      | Reached XP level 5. HP: 39/41 MP: 5/5
  2556 | D:3      | Reached skill level 5 in Long Blades
  2608 | D:3      | Found an ancient bone altar of Kikubaaqudgha.
  3154 | D:4      | Noticed a phantom
  3301 | D:4      | Found a burning altar of Makhleb.
  3307 | D:4      | Reached XP level 6. HP: 42/47 MP: 6/6
  3311 | D:4      | Reached skill level 6 in Long Blades
  3439 | D:4      | Found a stormy altar of Qazlal.
  3886 | D:5      | Entered Level 5 of the Dungeon
  3886 | D:5      | Noticed Edmund
  3895 | D:5      | Killed Edmund
  3895 | D:5      | Reached skill level 7 in Long Blades
  3895 | D:5      | Reached XP level 7. HP: 50/52 MP: 7/7
  3924 | D:5      | Noticed an ice beast
  3930 | D:5      | Killed an ice beast
  4107 | D:5      | Noticed Eustachio
  4151 | D:6      | Reached skill level 8 in Long Blades
  4229 | D:6      | Reached XP level 8. HP: 51/58 MP: 8/8
  4378 | D:5      | Found a burning altar of Makhleb.
  4389 | D:5      | Found an opulent altar of Gozag.
  4394 | D:5      | Found a deep blue altar of Sif Muna.
  4503 | D:5      | Noticed emiel's ghost (average OgWz)
  4610 | D:5      | Killed emiel's ghost
  4610 | D:5      | Reached skill level 9 in Long Blades
  5055 | D:5      | Killed Eustachio
  5141 | D:5      | Reached skill level 5 in Fighting
  5192 | D:5      | Found Sitoc's Food Shoppe.
  5732 | D:6      | Reached XP level 9. HP: 59/68 MP: 9/9
  5735 | D:6      | Found an opulent altar of Gozag.
  5931 | D:6      | Reached skill level 1 in Dodging
  6899 | D:7      | Reached skill level 5 in Dodging
  7066 | D:7      | Noticed emiel's ghost (experienced HuBe)
  7436 | D:7      | Found a staircase to the Ecumenical Temple.
  7450 | Temple   | Entered the Ecumenical Temple
  7456 | Temple   | Became a worshipper of Warmaster Okawaru
  9067 | D:8      | Acquired Okawaru's first power
  9067 | D:8      | Reached XP level 10. HP: 47/75 MP: 10/10
  9607 | D:7      | Reached skill level 5 in Armour
  9866 | D:8      | Found a staircase to the Lair.
  9898 | Lair:1   | Entered Level 1 of the Lair of Beasts
  9898 | Lair:1   | Noticed emiel's ghost (powerful NaTm)
 11850 | D:9      | Killed amnekian's ghost
 12125 | D:9      | Reached XP level 11. HP: 77/80 MP: 11/11
 12503 | D:10     | Entered Level 10 of the Dungeon
 12605 | D:10     | HP: 4/81 [something (3)]
 12606 | D:10     | Slain by a vampire

Vault maps used:
D:1:      eino_arrival_water_star
D:3:      lemuel_doored_altar
D:4:      grunt_qazlal_clouds, makhleb_heckhound_becter
D:5:      minmay_overflow_temple_star_quad, serial_shops, shop, first_bread,
          uniq_edmund, uniq_eustachio
D:6:      nicolae_gozag_cash_rules_everything_around_me
D:7:      minmay_temple_entry_trees
D:8:      dpeg_lair_monsters, enter_ossuary_5
D:9:      lemuel_flame_loot_2
Temple:   water_room_temple_a_12

Action                   |  1- 3 |  4- 6 |  7- 9 | 10-12 || total
-------------------------+-------+-------+-------+-------++-------
Melee: Long sword        |   109 |    48 |    49 |    30 ||   236
       Short sword       |       |   138 |   534 |    69 ||   741
       Scimitar          |       |       |       |   293 ||   293
       Great sword       |       |       |       |    49 ||    49
 Fire: Blowgun           |       |       |     2 |       ||     2
Throw: Stone             |       |       |     3 |     1 ||     4
Invok: Heroism           |       |       |       |     1 ||     1
  Use: Scroll            |       |     4 |    11 |     1 ||    16
       Potion            |       |     1 |     3 |       ||     4
 Stab: Distracted        |       |       |       |     1 ||     1
  Eat: Chunk             |     2 |     7 |    19 |    12 ||    40
       Beef jerky        |       |       |       |     1 ||     1
